 Dungeon Crawl Stone Soup version 0.30.0-5-g1a98f26d00 (webtiles) character file.

Game seed: 3006771180120062114

85 Hubris850 the Chopper (level 4, -3/40 HPs)
             Began as a Hill Orc Monk on May 8, 2023.
             Slain by a gnoll
             ... wielding a +0 club
              (5 damage)
             ... on level 2 of the Dungeon.
             The game lasted 00:03:50 (1335 turns).

Hubris850 the Chopper (Hill Orc Monk)               Turns: 1335, Time: 00:03:51

Health: -3/40      AC:  8    Str: 15    XL:     4   Next: 48%
Magic:  4/4        EV:  8    Int: 10    God:
Gold:   84         SH:  0    Dex: 13    Spells: 3/3 levels left

rFire   . . .        a - +0 hand axe
rCold   . . .        d - orb {light}
rNeg    . . .        h - +0 chain mail
rPois   .            (no helmet)
rElec   .            (no cloak)
rCorr   .            (no gloves)
SInv    .            (no boots)
Will    .....        (no amulet) Stlth
                     (no ring)
HPRegen 0.26/turn    (no ring)
MPRegen 0.09/turn

%: no passive effects
@: confused, lethally poisoned (-3 -> -11), ambrosia-drunk, glowing
A: no striking features
a: no special abilities


You were on level 2 of the Dungeon.
You visited 1 branch of the dungeon, and saw 2 of its levels.

You collected 84 gold pieces.

Inventory:

Hand Weapons
 a - a +0 hand axe (weapon)
Armour
 b - a +0 robe
 d - an orb of light (worn)
 e - a +0 ring mail
 h - a +0 chain mail (worn)
Scrolls
 f - a scroll of silence {unknown}
 i - a scroll of identify {unknown}
 j - a scroll of teleportation {unknown}


   Skills:
 - Level 4.0 Fighting
 + Level 5.0 Axes
 + Level 2.3 Armour
 - Level 3.0 Dodging


You had 3 spell levels left.
You didn't know any spells.
Your spell library was empty.

Dungeon Overview and Level Annotations

Branches:
Dungeon (2/15)

Altars:


Message History

* * * LOW HITPOINT WARNING * * *
You feel very sick.
The orc wizard hits you but does no damage.
The gnoll hits you but does no damage. The gnoll closely misses you.
You bump into the rock wall.
* * * LOW HITPOINT WARNING * * *
You feel sick. The gnoll barely misses you. The orc wizard closely misses you.
The gnoll barely misses you.
You bump into the rock wall.
You feel very sick. The gnoll closely misses you.
The gnoll hits you but does no damage. The orc wizard casts a spell at you.
You are more confused.
You bump into the rock wall.
You feel sick. The orc wizard hits you with a +0 mace.
* * * LOW HITPOINT WARNING * * *
The gnoll hits you but does no damage.
You are lethally poisoned!
The gnoll hits you with a +0 club.
* * * LOW HITPOINT WARNING * * *
You hit the orc wizard.
You kill the orc wizard!
You hit the gnoll.
* * * LOW HITPOINT WARNING * * *
You feel very sick. The gnoll hits you with a +0 club.
* * * LOW HITPOINT WARNING * * *
The orc wizard gestures at you while chanting.
The magic dart hits you.
* * * LOW HITPOINT WARNING * * *
The gnoll hits you from afar with a +0 halberd of venom.
* * * LOW HITPOINT WARNING * * *
Training target 3.0 for Dodging reached!
Your Axes skill increases to level 5!
Your Armour skill increases to level 2!
Your Dodging skill increases to level 3!
You bump into the rock wall.
* * * LOW HITPOINT WARNING * * *
You feel very sick. The gnoll closely misses you.
The gnoll hits you with a +0 club.
You die...

#g### #.#g## ## #..#.##
.###.###.######### ....##
##.g.g....# ##...###.#######.#
##...#.## #g# ##†#.## #g# #.###
#@# #.# #o# ##'## ###o#####
##...## #.o.o...# .# ##.....##
#.#..##.# ##.# #.......##
##.##.##.# ##.#.#
.........####.[...##.######....##
.........+.......................
.........####........######...###


You could see 2 orc wizards, 2 gnolls and 2 orcs.

Vanquished Creatures
  An orc wizard (D:2)
  A gnoll (D:2)
  A worm (D:2)
  A dart slug (D:1)
  2 ball pythons
  6 bats
  3 endoplasms (D:1)
  2 giant cockroaches (D:1)
  6 goblins
  4 hobgoblins (D:1)
  4 jackals (D:1)
  2 quokkas (D:1)
  7 kobolds
  4 rats
44 creatures vanquished.

Notes
Turn   | Place    | Note
-------+----------+-------------------------------------------
     0 | D:1      | Hubris850 the Hill Orc Monk began the quest for the Orb.
     0 | D:1      | Reached XP level 1. HP: 19/19 MP: 1/1
    75 | D:1      | Reached XP level 2. HP: 26/27 MP: 2/2
   276 | D:1      | Reached skill level 1 in Armour
   472 | D:1      | Reached XP level 3. HP: 33/33 MP: 3/3
  1323 | D:2      | Reached XP level 4. HP: 27/40 MP: 4/4
  1334 | D:2      | HP: 1/40 [gnoll/+0 halberd of venom (5)]
  1335 | D:2      | Reached skill level 5 in Axes
  1335 | D:2      | Slain by a gnoll

Illustrated notes

Levels and vault maps discovered:
D:1:      saegor_arrival_simple_e, layout_loops_ring, serial_forest,
          infiniplex_forest_clump_curved, infiniplex_forest_clump_curved,
          infiniplex_forest_clump_small, infiniplex_forest_lined_corner,
          infiniplex_forest_lined_corner, infiniplex_forest_end_3,
          infiniplex_forest_clump_medium, infiniplex_forest_lined_ring,
          infiniplex_forest_clump_curved, infiniplex_forest_straight_1
D:2:      layout_loops_corners, uniq_jessica

Skill      XL: |  1  2  3  4 |
---------------+-------------+-----
Armour         | 1 2 |  2.3
Fighting       | 4 |  4.0
Axes           | 5 |  5.0
Dodging        | 3 |  3.0

Action                     |  1- 3 |  4- 6 || total
---------------------------+-------+-------++-------
  Melee: Hand axe          |   125 |     6 ||   131
    Use: Potion            |       |     2 ||     2
 Armour: Ring mail         |    15 |       ||    15
         Chain mail        |    33 |    10 ||    43
  Dodge: Dodged            |    57 |    13 ||    70
